 Dungeon Crawl Stone Soup version 0.31-a0-889-g1a8549509d (webtiles) character file.

Game seed: 12675699834150047721

526 Newt the Skirmisher (level 7, 0/44 HPs)
             Began as a Kobold Hunter on Oct 16, 2023.
             Was a Believer of Okawaru.
             Slain by a centaur (2 damage)
             ... on level 5 of the Dungeon.
             The game lasted 00:03:25 (4192 turns).

Newt the Skirmisher (Kobold Hunter)                 Turns: 4192, Time: 00:03:25

Health: 0/44       AC:  9    Str:  8    XL:     7   Next: 47%
Magic:  7/7        EV: 14    Int: 10    God:    Okawaru [**....]
Gold:   172        SH:  0    Dex: 21    Spells: 6/6 levels left

rFire   + . .        a - +1 shortbow
rCold   . . .        (shield currently unavailable)
rNeg    . . .        c - +1 leather armour
rPois   .            (no helmet)
rElec   .            (no cloak)
rCorr   .            (no gloves)
SInv    .            r - +0 pair of boots
Will    .....        d - amulet of faith
Stlth   +++          o - +4 ring of protection
HPRegen 0.27/turn    n - ring of protection from fire
MPRegen 0.10/turn

%: faith
@: no status effects
A: small, no large weapons, nightstalker 3
a: Renounce Religion, Heroism


You were on level 5 of the Dungeon.
You worshipped Okawaru.
Okawaru was pleased with you.
You visited 1 branch of the dungeon, and saw 5 of its levels.

You collected 172 gold pieces.

Inventory:

Hand Weapons
 a - a +1 shortbow (weapon)
 j - the +6 spear "Hellblazer" {heavy, Fly rElec Int-3}
   (You found it on level 2 of the Dungeon)

   Int-3:     It affects your intelligence (-3).
   rElec:     It insulates you from electricity.
   Fly:       It grants you flight.
Armour
 c - a +1 leather armour (worn)
 r - a +0 pair of boots (worn)
Jewellery
 d - an amulet of faith (around neck)
 m - a ring of ice
 n - a ring of protection from fire (right hand)
 o - a +4 ring of protection (left hand)
Scrolls
 b - 3 scrolls of butterflies
 l - a scroll of noise
 v - a scroll of blinking
Potions
 e - 3 potions of curing
 f - 2 potions of attraction
 g - a potion of mutation
 h - a potion of resistance
 i - 2 potions of heal wounds {unknown}
 k - a potion of enlightenment
 p - a potion of invisibility {unknown}
 q - a potion of brilliance {unknown}
 s - a potion of ambrosia {unknown}


   Skills:
 - Level 5.0 Fighting
 + Level 9.7 Ranged Weapons
 - Level 2.4 Dodging
 - Level 1.3 Stealth


You had 6 spell levels left.
You didn't know any spells.
Your spell library contained the following spells:

 Spells                   Type           Power      Damage    Failure   Level
 Passage of Golubria      Tloc           0%         N/A       99%         4
 Vhi's Electric Charge    Tloc/Air       0%         N/A       99%         4
 Arcjolt                  Conj/Air       0%         1d10      100%        5
 Silence                  Hex/Air        0%         N/A       100%        5
 Plasma Beam              Fire/Air       0%         2x1d10    100%        6
 Lehudib's Crystal Spear  Conj/Erth      0%         10d2      100%        8


Dungeon Overview and Level Annotations

Branches:
Dungeon (5/15)
 Temple: D:4-7

Altars:
Okawaru


Innate Abilities, Weirdness & Mutations

You are small and have problems with some larger weapons.
You are completely attuned to the shadows.


Message History

There is a stone staircase leading up here.
Okay, then.
As you read the scroll of identify, it crumbles to dust.
h - a potion of resistance
As you read the scroll of identify, it crumbles to dust.
k - a potion of enlightenment
As you read the scroll labelled JOAFFI YNI, it crumbles to dust.
You feel strangely unstable.
It was a scroll of teleportation.
Your surroundings suddenly seem different.
Found a plate armour.
No target in view!
A centaur comes into view.
A centaur is nearby!
You shoot an arrow. The arrow hits the centaur.
The centaur shouts!
The centaur is lightly wounded.
The centaur wields a +0 orcbow.
The centaur shoots an arrow.
The arrow hits you.
A sleepcap comes into view.
You shoot an arrow. The arrow hits the centaur!
The centaur is severely wounded.
The centaur shoots an arrow.
The arrow hits you!
The centaur shoots an arrow.
The arrow hits you!
You shoot an arrow.
The arrow hits the centaur but does no damage.
The centaur is severely wounded.
The centaur shoots an arrow.
The arrow hits you.
You are too injured to fight recklessly!
Unknown command.
You shoot an arrow. The arrow hits the sleepcap.
The sleepcap is lightly damaged.
You shoot an arrow. The arrow hits the sleepcap.
The sleepcap is moderately damaged.
The sleepcap releases spores at you.
You are engulfed in a cloud of soporific spores!
You fall asleep.
The centaur unwields a +0 orcbow.
The centaur hits you!
You wake up.
* * * LOW HITPOINT WARNING * * *
The centaur kicks you.
You die...

# ......
#.#..#...
#.#.....
#....#.# #..
####.##.###
...
...........
####.#
.....#<.###
...cf#
...######
#..@# ...
###.## #+#
#..## #.#
####..# #.#
......# #.#
......###.#
..........#
.......#.####
..[....#....#


You could see a sleepcap and a centaur.

Vanquished Creatures
  A black bear (D:4)
  2 ogres (D:4)
  An iguana (D:4)
  Natasha (D:2)
  9 adders
  3 gnolls (D:3)
  2 worms
  2 dart slugs (D:3)
  7 orcs
  7 ball pythons
  8 bats
  6 endoplasms
  6 giant cockroaches
  6 goblins
  8 hobgoblins
  3 jackals (D:4)
  2 quokkas
  3 frilled lizards
  12 kobolds
  2 rats (D:2)
91 creatures vanquished.

Notes
Turn   | Place    | Note
-------+----------+-------------------------------------------
     0 | D:1      | Newt the Kobold Hunter began the quest for the Orb.
     0 | D:1      | Reached XP level 1. HP: 12/12 MP: 1/1
   157 | D:1      | Reached XP level 2. HP: 18/18 MP: 2/2
   731 | D:1      | Reached XP level 3. HP: 23/23 MP: 3/3
   989 | D:2      | Identified the +6 spear "Hellblazer" {heavy, Fly rElec
                  | Int-3}
  1108 | D:2      | Reached XP level 4. HP: 30/30 MP: 4/4
  1195 | D:2      | Noticed Natasha
  1205 | D:2      | Killed Natasha
  1206 | D:2      | Reached skill level 5 in Fighting
  1332 | D:2      | Found a faded altar of an unknown god.
  1343 | D:2      | Prayed at the altar of an unknown god.
  1343 | D:2      | Became a worshipper of Warmaster Okawaru
  1343 | D:2      | Reached * piety under Okawaru
  1836 | D:3      | Reached XP level 5. HP: 35/35 MP: 5/5
  1954 | D:3      | Reached skill level 6 in Ranged Weapons
  2711 | D:4      | Reached skill level 7 in Ranged Weapons
  2711 | D:4      | Reached XP level 6. HP: 24/40 MP: 6/6
  2947 | D:4      | Noticed an ogre
  2968 | D:4      | Killed an ogre
  2968 | D:4      | Reached ** piety under Okawaru
  2969 | D:4      | Reached skill level 8 in Ranged Weapons
  3239 | D:4      | Noticed a black bear
  3247 | D:4      | Killed a black bear
  3248 | D:4      | Reached XP level 7. HP: 22/44 MP: 7/7
  3250 | D:4      | Reached skill level 9 in Ranged Weapons
  4161 | D:5      | Entered Level 5 of the Dungeon
  4192 | D:5      | HP: 2/44 [centaur (13)]
  4192 | D:5      | Slain by a centaur

Illustrated notes

Levels and vault maps discovered:
D:1:      spicycebolla_arrival_xxxplode, layout_basic
D:2:      layout_rooms, ebering_ecumenical_altar_hall, uniq_natasha
D:3:      layout_basic
D:4:      layout_basic, minmay_puff
D:5:      layout_basic

Skill      XL: |  1  2  3  4  5  6  7 |
---------------+----------------------+-----
Fighting       | 3 4 5 |  5.0
Ranged Weapons | 7 8 9 |  9.7
Dodging        | |  2.4
Stealth        | |  1.3

Action                     |  1- 3 |  4- 6 |  7- 9 || total
---------------------------+-------+-------+-------++-------
   Fire: Shortbow          |    87 |   132 |    42 ||   261
    Use: Scroll            |     3 |     5 |     3 ||    11
 Armour: Leather armour    |    15 |    47 |    17 ||    79
  Dodge: Dodged            |    23 |    63 |    10 ||    96

Table legend: (Time is in decaauts)
 A = Elapsed time spent in this place.
 B = Non-inter-level travel time spent in this place.
 C = Inter-level travel time spent in this place.
 D = Time resting spent in this place.
 E = Time spent auto-exploring this place.
 F = Levels seen in this place.
 G = Mean time per level.
                   A        B        C        D        E       F      G
               +--------+--------+--------+--------+--------+-----+--------+
         Total |   4230 |   4100 |    130 |    702 |   2888 |   5 |  846.0 |
       Dungeon |   4230 |   4100 |    130 |    702 |   2888 |   5 |  846.0 |
               +--------+--------+--------+--------+--------+-----+--------+

Top non-repeatable levels by time:
     D:4: 1520 daAuts
     D:3: 1047 daAuts
     D:1: 898 daAuts
     D:2: 733 daAuts
     D:5: 30 daAuts
